 Dungeon Crawl Stone Soup version 0.30-a0-862-g1aabd4f9c5 (webtiles) character file.

Game seed: 10373615289723242057

0 Mickster the Trooper (level 1, -1/20 HPs)
             Began as a Minotaur Cinder Acolyte on Mar 9, 2023.
             Was a High Priest of Ignis.
             Succumbed to a goblin's poison
             ... on level 1 of the Dungeon.
             The game lasted 00:02:16 (112 turns).

Mickster the Trooper (Minotaur Cinder Acolyte)       Turns: 112, Time: 00:02:17

Health: -1/20      AC:  2    Str: 18    XL:     1   Next: 8%
Magic:  1/1        EV: 11    Int: 11    God:    Ignis [*****.]
Gold:   5          SH:  0    Dex:  5    Spells: 2/2 levels left

rFire   + . .      SeeInvis .    a - -1 falchion (freeze)
rCold   . . .      Faith    .    (no shield)
rNeg    . . .      Spirit   .    b - +0 robe
rPois   .          Reflect  .    (helmet restricted)
rElec   .          Rampage  .    (no cloak)
rCorr   .                        (no gloves)
Will    .....                    (no boots)
Stlth   +                        (no amulet)
HPRegen 0.23/turn                (no ring)
MPRegen 0.07/turn                (no ring)

@: lethally poisoned (-1 -> -11)
A: horns 2, retaliatory headbutt
a: Renounce Religion, Fiery Armour, Foxfire Swarm, Rising Flame


You were on level 1 of the Dungeon.
You worshipped Ignis.
Ignis was extremely pleased with you.
You visited 1 branch of the dungeon, and saw 1 of its levels.

You collected 5 gold pieces.

Inventory:

Hand Weapons
 a - a -1 falchion of freezing (weapon)
Armour
 b - a +0 robe (worn)
Potions
 c - a potion of curing {unknown}


   Skills:
 + Level 3.7 Fighting
 * Level 3.6 Long Blades
 + Level 1.0 Spellcasting
 + Level 2.1 Fire Magic


You had 2 spell levels left.
You didn't know any spells.
Your spell library contained the following spells:

 Spells                   Type           Power      Damage    Failure   Level
 Scorch                   Fire           10%        2d6       21%         2


Dungeon Overview and Level Annotations

Branches:
Dungeon (1/15)

Altars:


Innate Abilities, Weirdness & Mutations

You have a pair of horns on your head.
You reflexively headbutt those who attack you in melee.


Message History

As you read the scroll labelled LURGHO OZONK, it crumbles to dust.
You feel strangely unstable.
It was a scroll of teleportation.
Your surroundings suddenly seem different.
A frilled lizard comes into view.
The frilled lizard barely misses you.
You closely miss the frilled lizard. The frilled lizard barely misses you.
You furiously retaliate!
You headbutt the frilled lizard!
You kill the frilled lizard!
You see here a frilled lizard corpse.
Found a ruby potion.
Found 5 gold pieces.
c - a ruby potion You now have 5 gold pieces.
You have 5 gold pieces.
You see here a frilled lizard corpse.
A goblin comes into view. It is wielding a +2 dagger of venom.
The goblin shouts!
The goblin hits you with a +2 dagger of venom.
You are poisoned.
You hit the goblin but do no damage. Your headbutt misses the goblin.
You feel sick.
The goblin hits you with a +2 dagger of venom.
You closely miss the goblin.
You feel sick. The goblin barely misses you.
You completely miss the goblin.
You feel sick.
The goblin hits you with a +2 dagger of venom.
You are more poisoned.
You closely miss the goblin. You headbutt the goblin.
The goblin is heavily wounded.
You feel sick.
The goblin hits you with a +2 dagger of venom.
* * * LOW HITPOINT WARNING * * *
You are more poisoned.
You closely miss the goblin.
The goblin is heavily wounded.
* * * LOW HITPOINT WARNING * * *
You feel very sick. The goblin barely misses you.
You closely miss the goblin. Your headbutt misses the goblin.
The goblin is heavily wounded.
You die...

.......########.##.#....
#####...†...............
#..##.......##.#....
#..###..##### # . #..#
#..######. ##.#
#......... #.#
##.####### #.#
#.########.##. #.#
#.....@g...... ###
##############


You could see a goblin.

Vanquished Creatures
  A frilled lizard (D:1)
1 creature vanquished.

Notes
Turn   | Place    | Note
-------+----------+-------------------------------------------
     0 | D:1      | Mickster the Minotaur Cinder Acolyte began the quest for
                  | the Orb.
     0 | D:1      | Reached XP level 1. HP: 19/19 MP: 1/1
   111 | D:1      | HP: 1/20 [poisoned by a goblin]
   112 | D:1      | Succumbed to a goblin's poison

Illustrated notes

Levels and vault maps discovered:
D:1:      grunt_arrival_crossed_arrows, layout_basic, serial_curves,
          eino_curves_03, eino_curves_02

Action                     || total
---------------------------++-------
  Melee: Falchion          ||     7
         Headbutt          ||     1
    Use: Scroll            ||     2
  Dodge: Dodged            ||     4

Table legend: (Time is in decaauts)
 A = Elapsed time spent in this place.
 B = Non-inter-level travel time spent in this place.
 C = Inter-level travel time spent in this place.
 D = Time resting spent in this place.
 E = Time spent auto-exploring this place.
 F = Levels seen in this place.
 G = Mean time per level.
                   A        B        C        D        E       F      G
               +--------+--------+--------+--------+--------+-----+--------+
         Total |    112 |    112 |      0 |      0 |      0 |   1 |  112.0 |
       Dungeon |    112 |    112 |      0 |      0 |      0 |   1 |  112.0 |
               +--------+--------+--------+--------+--------+-----+--------+

Top non-repeatable levels by time:
     D:1: 112 daAuts
